Map: Seeds of Aiur

Players

Kewl - Winner!

  • Race: Protoss Protoss
  • Spawn Location: 1:00

pta - Winner!

  • Race: Zerg Zerg
  • Spawn Location: 1:00

A.I. 2 (Very Hard)

  • Race: Protoss Protoss
  • Spawn Location: 7:00

A.I. 3 (Harder)

  • Race: Protoss Protoss
  • Spawn Location: 7:00

VOD

Have the link to the VOD?

Description

Time

  • Played on: April 25, 2019, 4:56 p.m.
  • Length: 20:14
Show
View Real Time Build Order
Export as new Build Order

Kewl Protoss - Winner!

Build Orders:  

Get SALT Encoding   

  1  0:00  Probe  
  12  0:05  Probe  
  14  0:15  Probe  
  15  0:27  Pylon  
  15  0:45  Probe, Pylon  
  16  0:57  Probe, Forge  
  17  1:06  Gateway  
  17  1:11  Assimilator  
  17  1:18  Assimilator  
  17  1:28  Pylon  
  17  1:35  Photon Cannon  
  17  1:43  Photon Cannon  
  17  1:53  Zealot  
  19  1:55  Probe  
  20  2:03  Probe  
  21  2:12  Probe  
  22  2:22  Probe  
  23  2:30  Probe  
  23  2:33  Zealot  
  26  2:42  Probe, Nexus  
  27  2:55  Cybernetics Core  
  27  3:00  Zealot  
  29  3:09  Photon Cannon  
  29  3:28  Photon Cannon  
  29  3:32  Photon Cannon  
  29  3:38  Zealot  
  31  3:49  Photon Cannon  
  31  3:50  Probe  
  31  3:55  Probe  
  32  3:58  Probe  
  34  4:08  Probe  
  34  4:13  Protoss Shields Level 1  
  35  4:20  Probe  
  36  4:30  Zealot  
  38  4:32  Probe  
  39  4:41  Twilight Council  
  39  4:45  Probe  
  40  4:54  Stargate  
  40  4:57  Probe  
  41  5:07  Pylon, Photon Cannon  
  41  5:09  Probe  
  42  5:15  Photon Cannon  
  42  5:20  Photon Cannon  
  42  5:21  Probe  
  43  5:27  Photon Cannon  
  43  5:30  Probe  
  44  5:37  Photon Cannon  
  44  5:39  Charge, Probe  
  44  5:45  Zealot  
  44  5:47  Probe  
  48  5:57  Probe  
  48  5:59  Probe  
  48  6:02  Photon Cannon  
  50  6:07  Photon Cannon  
  50  6:10  Probe  
  50  6:16  Zealot  
  53  6:18  Probe  
  54  6:26  Probe  
  54  6:30  Protoss Shields Level 2  
  55  6:34  Photon Cannon  
  55  6:38  Probe  
  55  6:39  Photon Cannon  
  56  6:45  Pylon  
  56  6:53  Assimilator  
  56  6:56  Probe  
  56  6:57  Assimilator  
  56  7:00  Nexus  
  57  7:03  Zealot  
  59  7:19  Fleet Beacon  
  59  7:21  Photon Cannon  
  59  7:22  Probe  
  60  7:30  Probe  
  61  7:42  Pylon  
  61  7:45  Photon Cannon  
  61  7:47  Photon Cannon  
  61  7:49  Photon Cannon  
  61  7:55  Photon Cannon  
  61  7:57  Photon Cannon  
  61  8:03  Assimilator  
  61  8:07  Assimilator  
  61  8:08  Probe  
  62  8:16  Probe, Tempest  
  67  8:21  Stargate  
  67  8:26  Probe  
  68  8:30  Stargate  
  68  8:32  Stargate  
  69  8:38  Probe  
  70  8:50  Probe  
  71  8:58  Probe, Photon Cannon  
  72  9:06  Probe  
  72  9:16  Zealot  
  75  9:21  Probe  
  75  9:26  Protoss Air Weapons Level 1  
  75  9:29  Probe  
  76  9:35  Protoss Shields Level 3  
  77  9:38  Probe  
  77  9:43  Zealot  
  80  9:51  Probe  
  81  9:53  Tempest  
  81  9:54  Tempest  
  91  10:03  Probe, Pylon  
  91  10:04  Pylon  
  91  10:06  Pylon  
  92  10:09  Pylon  
  92  10:11  Pylon  
  92  10:12  Pylon  
  92  10:14  Pylon  
  92  10:21  Pylon, Tempest, Zealot  
  99  10:22  Pylon  
  99  10:26  Pylon  
  99  10:28  Tempest  
  99  10:29  Tempest  
  99  10:30  Tempest  
  104  10:42  Probe  
  114  10:48  Zealot  
  117  10:50  Probe  
  118  11:00  Probe, Pylon  
  118  11:04  Tempest  
  122  11:13  Tempest  
  122  11:15  Zealot  
  125  11:24  Protoss Air Armor Level 1  
  125  11:26  Tempest  
  125  11:27  Tempest  
  135  11:49  Tempest  
  140  11:55  Tempest  
  140  11:57  Pylon, Zealot  
  147  12:05  Pylon  
  147  12:06  Pylon  
  147  12:09  Pylon  
  147  12:10  Pylon  
  147  12:12  Tempest  
  147  12:13  Tempest  
  157  12:20  Photon Cannon x2  
  157  12:24  Zealot  
  157  12:25  Pylon  
  157  12:26  Protoss Ground Weapons Level 1  
  159  12:37  Tempest  
  164  12:49  Photon Cannon  
  164  12:51  Zealot  
  166  12:52  Photon Cannon  
  166  12:56  Photon Cannon  
  166  13:10  Photon Cannon  
  166  13:12  Nexus  
  166  13:16  Protoss Air Weapons Level 2  
  166  13:18  Zealot  
  166  13:19  Photon Cannon  
  168  13:23  Photon Cannon  
  168  13:32  Assimilator, Photon Cannon  
  168  13:35  Tempest x2  
  168  13:37  Assimilator  
  178  13:45  Zealot  
  180  13:55  Photon Cannon  
  180  13:57  Photon Cannon  
  180  14:05  Photon Cannon x2  
  180  14:11  Photon Cannon  
  180  14:12  Zealot  
  182  14:19  Tempest x2  
  182  14:22  Tempest  
  197  14:29  Probe  
  197  14:35  Protoss Ground Armor Level 1  
  197  14:37  Probe  
  199  14:47  Probe  
  194  14:59  Probe  
  191  15:11  Probe  
  192  15:15  Tempest  
  192  15:17  Zealot  
  183  15:39  Protoss Air Armor Level 2  
  183  15:51  Tempest x2  
  183  15:52  Tempest  
  170  16:46  Protoss Ground Weapons Level 2  
  170  17:07  Tempest x2  
  170  17:08  Tempest x2  
  185  17:12  Zealot  
  192  17:16  Probe  
  193  17:24  Probe  
  194  17:34  Probe  
  195  17:39  Zealot  
  197  18:06  Zealot  
Show
View Real Time Build Order
Export as new Build Order

pta Zerg - Winner!

Build Orders: Pool First, Brood Lord Corruptor, Lurkers 

Get SALT Encoding   

  12  0:24  Drone  
  13  0:29  Spawning Pool  
  12  0:45  Overlord  
  12  0:47  Drone x2  
  14  0:57  Extractor  
  14  1:03  Drone  
  14  1:15  Drone  
  14  1:16  Queen  
  17  1:23  Drone  
  18  1:37  Extractor  
  18  1:38  Drone  
  18  1:41  Drone  
  19  2:03  Hatchery  
  19  2:06  Lair  
  18  2:21  Roach Warren  
  17  2:25  Drone  
  18  2:32  Drone  
  19  2:37  Drone  
  19  2:43  Drone  
  21  2:53  Overlord  
  21  2:58  Drone  
  22  3:06  Overlord  
  23  3:20  Drone  
  23  3:40  Queen  
  25  3:52  Roach x3  
  31  4:02  Drone  
  32  4:08  Hydralisk Den  
  31  4:10  Roach  
  31  4:14  Roach x2  
  31  4:15  Roach  
  41  4:24  Roach  
  41  4:26  Overlord  
  41  4:40  Lurker Den  
  41  4:42  Roach x2  
  44  4:50  Drone x2  
  46  4:53  Drone  
  46  4:57  Drone  
  48  5:08  Drone x2  
  48  5:12  Overlord  
  50  5:17  Overlord  
  50  5:25  Grooved Spines  
  50  5:29  Drone x2  
  52  5:42  Hydralisk x2  
  56  5:52  Extractor  
  56  5:53  Drone x2  
  56  5:55  Overlord  
  57  6:00  Drone x3  
  60  6:17  Lurker x2  
  62  6:28  Glial Reconstitution  
  62  6:33  Drone x3  
  65  6:44  Extractor  
  64  7:13  Evolution Chamber  
  63  7:15  Evolution Chamber  
  63  7:21  Drone x4  
  67  7:22  Drone  
  67  7:23  Drone  
  67  7:27  Overlord  
  67  7:28  Overlord x4  
  68  7:40  Zerg Ground Armor Level 1  
  68  7:41  Zerg Missile Weapons Level 1  
  68  7:48  Drone x4  
  72  7:51  Overlord x2  
  72  7:52  Overlord x2  
  72  7:55  Muscular Augments  
  72  7:56  Metabolic Boost  
  72  8:02  Roach x4  
  72  8:03  Hydralisk  
  82  8:19  Spire  
  81  8:21  Spire  
  81  8:23  Drone x2  
  81  8:26  Drone  
  83  8:44  Infestation Pit  
  77  9:08  Spine Crawler  
  76  9:11  Spine Crawler  
  76  9:14  Lurker  
  76  9:21  Hive  
  76  9:35  Zerg Melee Weapons Level 1  
  76  9:36  Zerg Ground Armor Level 2  
  76  9:47  Hydralisk x3  
  76  9:48  Hydralisk x3  
  88  9:54  Zerg Flyer Armor Level 1  
  88  10:10  Corruptor  
  88  10:11  Corruptor  
  88  10:12  Corruptor  
  94  10:17  Corruptor  
  96  10:33  Greater Spire  
  96  10:40  Corruptor  
  98  10:55  Corruptor  
  95  11:25  Lurker x2  
  97  11:28  Corruptor  
  97  11:30  Corruptor  
  101  11:48  Zerg Flyer Weapons Level 1  
  101  11:53  Brood Lord x2  
  105  12:06  Brood Lord  
  107  12:41  Brood Lord x2  
  111  12:48  Roach x2  
  111  12:49  Roach x3  
  121  13:03  Brood Lord  
  123  13:10  Brood Lord  
  125  13:19  Corruptor  
  127  13:24  Zergling x4  
  127  13:25  Zergling x18  
  127  13:26  Zergling x10  
  143  13:37  Overlord x4  
  143  13:38  Overlord x7  
  143  13:39  Overlord x5  
  145  13:48  Brood Lord  
  145  13:54  Brood Lord  
  147  14:11  Corruptor x2  
  75  15:50  Drone x3  
  75  15:51  Drone x4  
  75  15:52  Drone x3  
  85  16:09  Spine Crawler  
  85  16:10  Spine Crawler x2  
  82  16:13  Spine Crawler  
  82  16:18  Spine Crawler  
  80  16:20  Spine Crawler x2  
  80  16:21  Spine Crawler  
  80  16:25  Spine Crawler  
  76  16:27  Spine Crawler  
  76  16:31  Hydralisk x7  
  76  16:32  Hydralisk x2  
  93  16:33  Hydralisk x6  
  93  16:34  Hydralisk x3  
  111  16:56  Overseer x2  
  107  17:51  Zerg Missile Weapons Level 2  
  107  19:13  Zergling x12  
  113  19:41  Zergling x8  
Show
View Real Time Build Order
Export as new Build Order

A.I. 2 (Very Hard) Protoss 

Build Orders: Archon Immortal 

Get SALT Encoding   

  12  0:01  Probe  
  13  0:13  Probe  
  14  0:22  Pylon  
  14  0:25  Probe  
  15  0:36  Probe  
  16  0:44  Probe  
  16  0:48  Assimilator  
  17  0:52  Gateway  
  17  0:53  Probe  
  18  1:01  Probe, Pylon  
  18  1:09  Probe  
  20  1:20  Probe  
  21  1:40  Gateway, Zealot  
  21  1:41  Probe  
  21  1:42  Cybernetics Core  
  24  1:52  Pylon  
  24  1:53  Probe  
  25  1:58  Zealot  
  25  2:06  Assimilator  
  27  2:11  Probe  
  28  2:19  Warp Gate  
  28  2:23  Probe  
  28  2:25  Adept  
  28  2:27  Adept  
  33  2:40  Robotics Facility  
  33  2:41  Probe  
  34  2:55  Adept  
  34  2:57  Adept  
  38  3:01  Probe  
  38  3:04  Pylon  
  39  3:25  Sentry  
  41  3:27  Adept  
  41  3:29  Immortal  
  47  3:42  Pylon  
  47  3:57  Pylon  
  47  4:06  Stalker x2  
  51  4:12  Immortal  
  55  4:20  Probe  
  55  4:21  Pylon  
  56  4:32  Twilight Council  
  56  5:10  Templar Archives  
  56  5:14  Zealot  
  56  5:17  Gateway  
  56  5:21  Zealot  
  60  5:24  Pylon  
  60  5:27  Nexus  
  60  5:47  High Templar  
  60  5:49  High Templar  
  64  6:05  Archon  
  64  6:10  Zealot  
  66  6:11  Pylon  
  66  6:19  High Templar  
  66  6:22  Zealot  
  70  6:27  Stalker  
  70  6:30  Forge  
  72  6:39  Probe  
  74  6:40  Probe  
  74  6:48  Zealot  
  74  6:49  Assimilator  
  74  6:51  Probe, Assimilator  
  74  6:53  Probe  
  78  6:56  High Templar  
  80  7:03  Zealot  
  80  7:04  Probe, Stalker  
  80  7:05  Probe  
  86  7:12  Archon  
  86  7:16  Probe  
  86  7:17  Probe  
  86  7:18  Pylon  
  88  7:23  Zealot  
  88  7:27  High Templar  
  88  7:28  Probe  
  88  7:29  Probe  
  94  7:37  Probe  
  94  7:38  Zealot  
  94  7:41  Probe, Pylon  
  94  7:43  High Templar  
  100  7:45  Probe  
  100  7:47  Observer  
  100  7:51  Stalker  
  104  7:53  Probe  
  104  7:54  Probe  
  106  7:58  Stalker  
  106  8:05  Pylon  
  108  8:06  Probe  
  108  8:07  Probe  
  110  8:14  Stalker  
  110  8:15  Sentry  
  114  8:22  Zealot  
  116  8:30  Pylon  
  108  8:37  Stalker, Zealot  
  108  8:38  Zealot  
  66  8:53  Stalker  
  66  8:55  Sentry  
  66  8:58  High Templar  
  68  9:10  Immortal, Stalker  
  70  9:18  Zealot  
  76  9:31  Zealot  
  78  9:33  Zealot  
  78  9:38  High Templar  
  82  9:47  Immortal  
  82  9:50  Stalker  
  88  9:53  Zealot  
  88  9:55  Archon  
  90  10:06  High Templar  
  92  10:10  Stalker  
  92  10:13  Zealot  
  96  10:17  Immortal  
  96  10:26  Immortal  
  100  10:30  Forge  
  100  10:33  Adept, Sentry  
  104  10:35  Pylon  
  104  10:36  Adept  
  106  10:52  Pylon  
  106  10:53  High Templar  
  106  10:56  Adept, Zealot  
  106  10:57  Photon Cannon  
  112  11:02  Gateway  
  100  11:11  Nexus  
  78  11:13  Protoss Ground Weapons Level 1  
  78  11:15  Zealot  
  78  11:16  Stalker  
  78  11:17  High Templar  
  70  11:26  Observer  
  71  11:33  Protoss Ground Armor Level 1  
  71  11:35  Sentry  
  71  11:39  Zealot  
  75  11:47  Immortal  
  75  11:49  Stalker  
  75  11:52  Archon, Zealot  
  75  11:53  Stargate  
  83  11:56  Zealot  
  83  11:58  High Templar  
  87  12:10  Zealot x2  
  87  12:12  High Templar  
  93  12:24  Probe x2  
  93  12:25  Probe  
  93  12:27  Zealot  
  98  12:31  Archon, Zealot, Stalker  
  98  12:32  Assimilator  
  98  12:36  Probe  
  103  12:38  Void Ray  
  103  12:39  Probe  
  103  12:43  Probe  
  109  12:45  Zealot  
  109  12:47  High Templar  
  109  12:48  Probe  
  109  12:51  Probe  
  115  12:55  Probe, Zealot  
  115  12:57  High Templar  
  120  13:00  Probe  
  120  13:02  Assimilator  
  120  13:03  Probe  
  120  13:05  Stalker  
  124  13:07  Probe  
  124  13:10  Zealot  
  124  13:12  Probe  
  128  13:15  Probe  
  128  13:18  Archon  
  128  13:19  Probe, Zealot  
  132  13:24  Probe  
  132  13:25  High Templar  
  135  13:27  Probe  
  135  13:28  High Templar  
  135  13:30  Stalker  
  135  13:31  Probe  
  141  13:35  Probe, Zealot  
  141  13:39  Probe  
  145  13:43  Probe  
  145  13:45  Archon  
  145  13:46  Pylon  
  146  13:50  Zealot  
  146  13:52  Stalker  
  150  13:56  Void Ray  
  150  13:57  Zealot  
  150  14:00  Zealot  
  154  14:08  Void Ray  
  154  14:09  Pylon  
  158  14:10  Zealot  
  158  14:14  High Templar  
  158  14:15  Observer, Stalker  
  165  14:18  High Templar  
  167  14:30  Zealot  
  169  14:36  Warp Prism  
  169  14:38  Pylon, Zealot  
  171  14:41  Void Ray  
  171  14:43  Stalker  
  171  14:44  Sentry  
  169  14:51  Zealot  
  152  14:59  Stalker  
  120  15:04  Adept  
  120  15:06  Zealot  
  106  15:11  Sentry  
  106  15:12  Observer  
  107  15:18  Zealot  
  109  15:22  Zealot  
  109  15:24  Void Ray  
  109  15:26  Stalker  
  117  15:31  Archon  
  117  15:33  Warp Prism  
  117  15:34  High Templar  
  117  15:35  Stalker  
  123  15:42  Zealot  
  125  15:49  Zealot  
  127  15:56  Stalker  
  129  15:58  Zealot  
  129  15:59  Zealot  
  133  16:07  Void Ray  
  133  16:09  Zealot  
  139  16:12  Zealot  
  139  16:16  Zealot  
  139  16:18  Zealot  
  139  16:29  Zealot  
  139  16:30  Adept  
  129  16:32  Zealot  
  129  16:38  Stalker  
  111  16:47  High Templar  
  111  16:49  Stalker  
  111  16:50  Zealot  
  117  17:00  Sentry  
  102  17:12  High Templar  
  102  17:14  Stalker  
  102  17:15  Sentry  
  84  17:30  Adept  
  74  17:38  Zealot  
  74  17:39  Assimilator  
  74  17:43  Zealot  
  69  17:48  Stalker  
  63  17:52  Pylon  
  63  17:56  Zealot  
  63  17:58  High Templar  
  56  18:08  Pylon  
  56  18:11  Zealot  
  54  18:15  Stalker  
  56  18:20  Stalker  
  56  18:27  Gateway  
  56  18:31  Zealot  
  58  18:38  Stalker  
  58  18:40  Twilight Council  
  60  18:49  Adept  
  62  18:56  Pylon  
  62  19:02  Zealot  
  56  19:12  Cybernetics Core  
  51  19:33  Templar Archives  
  41  19:42  Gateway  
  32  19:54  Pylon  
  8  20:07  Pylon  
Show
View Real Time Build Order
Export as new Build Order

A.I. 3 (Harder) Protoss 

Build Orders:  

Get SALT Encoding   

  12  0:01  Probe  
  13  0:13  Probe  
  14  0:21  Pylon  
  14  0:25  Probe  
  15  0:35  Probe  
  16  0:43  Probe  
  16  0:48  Assimilator  
  17  0:51  Gateway  
  17  0:53  Probe  
  18  1:01  Probe  
  18  1:02  Pylon  
  19  1:22  Probe  
  20  1:37  Zealot  
  22  1:43  Cybernetics Core  
  22  1:44  Gateway  
  22  1:47  Assimilator  
  22  2:03  Pylon  
  22  2:09  Stalker  
  22  2:14  Warp Gate  
  24  2:31  Adept  
  26  2:41  Zealot  
  28  2:45  Pylon  
  28  3:01  Adept  
  30  3:08  Adept  
  32  3:18  Pylon  
  32  3:31  Adept  
  34  3:38  Adept, Probe  
  37  3:50  Probe  
  38  3:56  Pylon  
  38  4:02  Probe  
  39  4:08  Stalker  
  41  4:10  Probe  
  41  4:12  Forge  
  42  4:18  Probe, Zealot  
  45  4:29  Probe  
  46  4:31  Adept  
  48  4:41  Adept  
  50  4:51  Adept  
  52  5:59  Protoss Ground Weapons Level 1  
  52  6:04  Sentry  
  52  6:07  Gateway  
  52  6:10  Pylon  
  54  6:12  Sentry  
  54  6:13  Photon Cannon  
  54  6:15  Nexus, Photon Cannon  
  54  6:17  Robotics Facility  
  56  6:20  Zealot  
  58  6:33  Pylon  
  58  6:35  Sentry  
  60  6:43  Sentry  
  60  6:44  Stargate  
  60  6:58  Pylon, Stalker  
  62  7:05  Observer  
  62  7:06  Stalker  
  65  7:14  Sentry  
  65  7:15  Twilight Council  
  67  7:19  Forge  
  67  7:22  Stalker  
  69  7:24  Probe  
  69  7:26  Observer  
  69  7:29  Probe  
  72  7:30  Stalker  
  72  7:32  Probe  
  75  7:37  Assimilator  
  75  7:41  Probe x2  
  76  7:45  Pylon  
  77  7:52  Protoss Ground Armor Level 1  
  77  7:53  Probe  
  77  7:54  Probe, Pylon  
  79  8:05  Probe  
  79  8:06  Probe  
  81  8:17  Probe  
  81  8:18  Probe  
  83  8:25  Probe  
  83  8:30  Probe  
  83  8:33  Probe  
  86  8:43  Probe  
  86  8:44  Probe  
  86  8:46  Observer  
  88  8:54  Assimilator  
  88  8:55  Probe  
  89  8:56  Probe  
  90  9:07  Probe  
  91  9:15  Observer  
  91  9:16  Probe  
  92  10:02  Void Ray  
  92  10:05  Warp Prism  
  92  10:11  Gateway  
  98  10:16  Nexus, Templar Archives  
  98  10:25  Pylon  
  98  10:34  Observer  
  98  10:40  Void Ray  
  103  10:52  High Templar  
  103  10:53  Pylon  
  103  10:54  Warp Prism  
  107  11:01  Protoss Ground Weapons Level 2  
  107  11:02  High Templar  
  109  11:13  Protoss Ground Armor Level 2  
  109  11:14  High Templar, Archon  
  109  11:17  Oracle  
  111  11:21  Robotics Facility  
  111  11:22  Fleet Beacon  
  111  11:24  High Templar  
  111  11:25  Robotics Bay  
  116  11:27  Pylon  
  116  11:28  Probe  
  116  11:29  Probe x2  
  116  11:30  Warp Prism  
  116  11:31  Gateway  
  121  11:35  Archon  
  121  11:36  Probe  
  121  11:37  High Templar  
  123  11:40  Assimilator  
  123  11:42  Probe x2  
  123  11:43  Assimilator  
  123  11:44  Probe  
  126  11:50  High Templar  
  130  11:54  Probe  
  130  11:55  Probe x2  
  132  12:06  Probe  
  134  12:08  Probe x2  
  134  12:12  Stargate  
  134  12:15  Disruptor  
  138  12:17  Pylon  
  138  12:18  Probe  
  138  12:19  Pylon  
  139  12:25  Disruptor, Tempest  
  147  12:41  Photon Cannon  
  147  12:42  Photon Cannon  
  147  13:10  Gravitic Boosters  
  147  13:13  Protoss Shields Level 1  
  147  13:15  Protoss Air Weapons Level 1  
  147  13:19  Stargate  
  147  13:50  Dark Shrine  
  147  13:58  Colossus  
  147  14:01  Blink  
  153  14:03  Pylon  
  153  14:04  Stalker  
  153  14:07  Gravitic Drive  
  155  14:14  Colossus  
  161  14:19  Tempest  
  166  14:28  Pylon  
  166  14:31  Void Ray  
  166  14:38  Nexus  
  165  14:53  Observer, Psionic Storm  
  166  15:04  Extended Thermal Lance  
  166  15:07  Protoss Shields Level 2  
  166  15:19  Void Ray  
  162  15:24  Protoss Air Armor Level 1, Stalker  
  137  15:29  Stalker  
  137  15:34  Zealot  
  110  15:40  Stalker  
  100  15:45  Stalker  
  102  15:50  Zealot  
  102  15:55  Zealot  
  106  16:00  Zealot  
  106  16:02  Resonating Glaives  
  108  16:05  Sentry  
  108  16:10  Adept, Assimilator  
  112  16:15  Stalker  
  112  16:17  Pylon  
  114  16:19  Pylon  
  114  16:20  Sentry  
  114  16:23  Assimilator  
  114  16:25  Adept  
  105  16:28  Immortal  
  105  16:30  Void Ray  
  97  16:35  Zealot  
  95  16:40  Void Ray  
  95  16:41  Zealot  
  103  16:51  Stalker  
  101  16:58  Photon Cannon  
  101  17:01  Stalker  
  101  17:02  Probe, Stalker  
  101  17:05  Stalker  
  101  17:08  Stargate  
  107  17:10  Stalker  
  107  17:12  Zealot  
  107  17:13  Void Ray  
  107  17:20  Probe  
  86  17:24  Void Ray, Zealot  
  86  17:25  Zealot  
  86  17:26  Probe  
  86  17:27  Probe, Stalker  
  86  17:28  Zealot  
  86  17:29  Probe  
  88  17:32  Zealot  
  78  17:39  Stalker, Zealot  
  78  17:40  Zealot  
  72  17:44  Stalker  
  72  17:45  Stalker  
  72  17:50  Warp Prism  
  69  17:58  Zealot  
  64  17:59  Zealot  
  64  18:00  Stalker  
  60  18:07  Void Ray  
  60  18:08  Zealot  
  60  18:12  Stalker  
  62  18:17  Probe x2  
  43  18:20  Zealot  
  43  18:23  Stalker  
  43  18:26  Warp Prism  
  32  18:28  Zealot  
  32  18:29  Probe  
  24  18:35  Zealot  
  24  18:40  Void Ray, Zealot  
  24  18:41  Probe  
  9  18:53  Probe  
  12  19:05  Probe  
  10  19:13  Gateway  
  9  19:17  Probe  
Tags
 
Add a new tag
Caveats
  • Supply blocks, unpowered buildings, or Contaminate may cause inaccurate times.
  • Supply counts are checked every 10 seconds.